3R
OGALLALA OCTOPI @ BALLARD BEAVERS
05/06/2045
 
TOP OF THE 1ST
Ogallala Octopi batting - Pitching for Ballard Beavers : RHP Ricardo Méndez
Pitching: RHP Ricardo Méndez
Batting: RHB Rob Ott 0-0: Ball
1-0: Called Strike
1-1: Called Strike
1-2: Strikes out looking
Batting: RHB Miguel Flores 0-0: Ball
1-0: Ground out U3 (Groundball, 3S, EV 68.1 MPH)
Batting: SHB Carlos Blanca 0-0: Called Strike
0-1: Ball
1-1: Called Strike
1-2: Ball
2-2: Foul Ball, location: 2F
2-2: Strikes out swinging
Top of the 1st over - 0 runs, 0 hits, 0 errors, 0 left on base; Ogallala 0 - Ballard 0
BOTTOM OF THE 1ST
Ballard Beavers batting - Pitching for Ogallala Octopi : RHP Henny Olthuis
Pitching: RHP Henny Olthuis
Batting: RHB Albert Devigorerrazuriz 0-0: Ground out 6-3 (Groundball, 6, EV 96.2 MPH)
Batting: RHB François Khalifa 0-0: Ball
1-0: Ball
2-0: Fly out, F9 (Flyball, 89M, EV 93.1 MPH)
Batting: LHB Guan-cai Khoo 0-0: Ball
1-0: Fly out, F4 (Popup, 4D, EV 51.2 MPH)
Bottom of the 1st over - 0 runs, 0 hits, 0 errors, 0 left on base; Ogallala 0 - Ballard 0
TOP OF THE 2ND
Ogallala Octopi batting - Pitching for Ballard Beavers : RHP Ricardo Méndez
Batting: RHB Sun-jae Song 0-0: Ball
1-0: Called Strike
1-1: Called Strike
1-2: Strikes out swinging
Batting: LHB Wen Mi 0-0: Ground out 4-3 (Groundball, 34, EV 78.8 MPH)
Batting: RHB José Cabañas 0-0: Called Strike
0-1: Ball
1-1: Foul Ball, location: 2F
1-2: Ball
2-2: Ball
3-2: SINGLE (Line Drive, 9S, EV 102.5 MPH)
Batting: SHB Gabriel Ruíz 0-0: Called Strike
0-1: Ball
1-1: Ball
2-1: Called Strike
2-2: Ball
3-2: Foul Ball, location: 2F
3-2: Base on Balls
José Cabañas to second
Batting: RHB Sumitomo Shimizu 0-0: Called Strike
0-1: Ball
1-1: Ball
2-1: Fly out, F9 (Flyball, 9LM, EV 77.5 MPH)
Top of the 2nd over - 0 runs, 1 hit, 0 errors, 2 left on base; Ogallala 0 - Ballard 0
BOTTOM OF THE 2ND
Ballard Beavers batting - Pitching for Ogallala Octopi : RHP Henny Olthuis
Batting: RHB Jeremy Gaines 0-0: Ball
1-0: Ball
2-0: Ball
3-0: Base on Balls
Batting: LHB Reynaldo Velásquez 0-0: Ball
1-0: Called Strike
1-1: Ball
2-1: Foul Ball, location: 2F
2-2: Strikes out swinging
Batting: RHB Shawn Maldonado 0-0: Ball
1-0: Ball
2-0: Foul Ball, location: 2F
2-1: Ball
Jeremy Gaines is caught stealing 2nd base 2-4
3-1: Ground out 6-3 (Groundball, 6MD, EV 86.9 MPH)
Bottom of the 2nd over - 0 runs, 0 hits, 0 errors, 0 left on base; Ogallala 0 - Ballard 0
TOP OF THE 3RD
Ogallala Octopi batting - Pitching for Ballard Beavers : RHP Ricardo Méndez
Batting: LHB Antoine Mercier 0-0: Ball
1-0: Foul Ball, location: 2F
1-1: Ground out 4-3 (Groundball, 4, EV 100.6 MPH)
Batting: RHB Rob Ott 0-0: SINGLE (Line Drive, 4MD, EV 105.0 MPH)
Batting: RHB Miguel Flores 0-0: Ball
1-0: Called Strike
1-1: Foul Ball, location: 2F
1-2: Foul Ball, location: 2F
1-2: Foul Ball, location: 2F
1-2: Ball
2-2: Ball
3-2: Foul Ball, location: 2F
3-2: Strikes out swinging
Batting: SHB Carlos Blanca 0-0: Ball
Pickoff Throw to First - Out! 1-3
Top of the 3rd over - 0 runs, 1 hit, 0 errors, 0 left on base; Ogallala 0 - Ballard 0
BOTTOM OF THE 3RD
Ballard Beavers batting - Pitching for Ogallala Octopi : RHP Henny Olthuis
Batting: RHB Gregory Johnson 0-0: Fly out, F1 (Line Drive, P, EV 68.1 MPH)
Batting: RHB Ángel Alomar 0-0: Foul Ball, location: 2F
0-1: Ball
1-1: Swinging Strike
1-2: Ball
2-2: Ball
3-2: SINGLE (Groundball, 34D, EV 107.5 MPH)
Batting: RHB Scott Donovan 0-0: Called Strike
0-1: Ball
1-1: Called Strike
1-2: Foul Ball, location: 2F
1-2: Strikes out swinging
Batting: RHB Albert Devigorerrazuriz 0-0: Ball
1-0: Ball
2-0: Ball
3-0: Called Strike
3-1: SINGLE (Line Drive, 56D, EV 97.5 MPH)
Ángel Alomar to second
Batting: RHB François Khalifa 0-0: SINGLE (Line Drive, 7S, EV 110.0 MPH)
Ángel Alomar to third
Albert Devigorerrazuriz to second
Batting: LHB Guan-cai Khoo 0-0: Swinging Strike
0-1: Foul Ball, location: 2F
0-2: Ball
Wild Pitch!
Ángel Alomar scores
Albert Devigorerrazuriz to third
François Khalifa to second
1-2: Strikes out swinging
Bottom of the 3rd over - 1 run, 3 hits, 0 errors, 2 left on base; Ogallala 0 - Ballard 1
TOP OF THE 4TH
Ogallala Octopi batting - Pitching for Ballard Beavers : RHP Ricardo Méndez
Batting: SHB Carlos Blanca 0-0: Foul Ball, location: 2F
0-1: Ball
1-1: Foul Ball, location: 2F
1-2: Ball
2-2: Ball
3-2: Ground out 6-3 (Groundball, 6, EV 90.6 MPH)
Batting: RHB Sun-jae Song 0-0: Ball
1-0: Ground out 1-3 (Groundball, 34S, EV 71.2 MPH)
Batting: LHB Wen Mi 0-0: Called Strike
0-1: Called Strike
0-2: Strikes out swinging
Top of the 4th over - 0 runs, 0 hits, 0 errors, 0 left on base; Ogallala 0 - Ballard 1
BOTTOM OF THE 4TH
Ballard Beavers batting - Pitching for Ogallala Octopi : RHP Henny Olthuis
Batting: RHB Jeremy Gaines 0-0: Ball
1-0: Swinging Strike
1-1: Ball
2-1: Swinging Strike
2-2: Strikes out swinging
Batting: LHB Reynaldo Velásquez 0-0: Ball
1-0: Ball
2-0: Called Strike
2-1: Ball
3-1: Foul Ball, location: 2F
3-2: Base on Balls
Batting: RHB Shawn Maldonado 0-0: Ball
1-0: Ball
2-0: Called Strike
2-1: Foul Ball, location: 2F
2-2: SINGLE (Groundball, 34D, EV 94.4 MPH)
Reynaldo Velásquez to second
Runner from 2nd tries for 3rd, SAFE, no throw by RF
Pitching: RHP Chiah-jen Fu
Batting: RHB Gregory Johnson 0-0: Swinging Strike
0-1: Ball
1-1: Swinging Strike
1-2: Ball
2-2: Strikes out swinging
Batting: RHB Ángel Alomar 0-0: Ball
1-0: Swinging Strike
1-1: Swinging Strike
1-2: Foul Ball, location: 2F
1-2: Foul Ball, location: 2F
1-2: Ball
2-2: Ball
3-2: Strikes out swinging
Bottom of the 4th over - 0 runs, 1 hit, 0 errors, 2 left on base; Ogallala 0 - Ballard 1
TOP OF THE 5TH
Ogallala Octopi batting - Pitching for Ballard Beavers : RHP Ricardo Méndez
Batting: RHB José Cabañas 0-0: Called Strike
0-1: Swinging Strike
0-2: SINGLE (Flyball, 8LS, EV 92.5 MPH)
Batting: SHB Gabriel Ruíz 0-0: Grounds into double play, 4-6-3 (Groundball, 4, EV 104.4 MPH)
Batting: RHB Sumitomo Shimizu 0-0: Ball
1-0: Ball
2-0: SINGLE (Groundball, 34S, EV 75.6 MPH) (infield hit)
Batting: LHB Antoine Mercier 0-0: Swinging Strike
0-1: Foul Ball, location: 2F
0-2: Ball
Sumitomo Shimizu is caught stealing 2nd base 2-6
Top of the 5th over - 0 runs, 2 hits, 0 errors, 0 left on base; Ogallala 0 - Ballard 1
BOTTOM OF THE 5TH
Ballard Beavers batting - Pitching for Ogallala Octopi : RHP Chiah-jen Fu
Batting: RHB Scott Donovan 0-0: Ground out 6-3 (Groundball, 6, EV 79.4 MPH)
Batting: RHB Albert Devigorerrazuriz 0-0: Ball
1-0: Foul Ball, location: 2F
1-1: DOUBLE (Groundball, 5L, EV 100.6 MPH)
Batting: RHB François Khalifa 0-0: Ball
1-0: Ground out 1-3 (Groundball, 13S, EV 70.6 MPH)
Albert Devigorerrazuriz to third
Batting: LHB Guan-cai Khoo 0-0: Called Strike
0-1: Ball
1-1: Ball
2-1: SINGLE (Line Drive, 56D, EV 94.4 MPH)
Albert Devigorerrazuriz scores
Batting: RHB Jeremy Gaines 0-0: Ball
1-0: Ball
2-0: Foul Ball, location: 2F
2-1: Ball
3-1: Base on Balls
Guan-cai Khoo to second
Batting: LHB Reynaldo Velásquez 0-0: Foul Ball, location: 2F
0-1: Ball
1-1: Ball
2-1: Swinging Strike
2-2: Ball
3-2: Fly out, F6 (Popup, 6MS, EV 81.9 MPH)
Bottom of the 5th over - 1 run, 2 hits, 0 errors, 2 left on base; Ogallala 0 - Ballard 2
TOP OF THE 6TH
Ogallala Octopi batting - Pitching for Ballard Beavers : RHP Ricardo Méndez
Batting: LHB Antoine Mercier 0-0: Ball
1-0: Fly out, F6 (Popup, 6M, EV 57.5 MPH)
Batting: RHB Rob Ott 0-0: Ball
1-0: Called Strike
1-1: Fly out, F6 (Flyball, 56D, EV 80.0 MPH)
Batting: RHB Miguel Flores 0-0: Swinging Strike
0-1: Foul Ball, location: 2F
0-2: Ball
1-2: Foul Ball, location: 2F
1-2: Ball
2-2: Ground out 5-3 (Groundball, 25, EV 85.6 MPH)
Top of the 6th over - 0 runs, 0 hits, 0 errors, 0 left on base; Ogallala 0 - Ballard 2
BOTTOM OF THE 6TH
Ballard Beavers batting - Pitching for Ogallala Octopi : RHP Chiah-jen Fu
Batting: RHB Shawn Maldonado 0-0: Ball
1-0: Foul Ball, location: 2F
1-1: Foul Ball, location: 2F
1-2: Foul Ball, location: 2F
1-2: Ball
2-2: Strikes out swinging
Batting: RHB Gregory Johnson 0-0: Ball
1-0: Ground out 5-3 (Groundball, 56S, EV 90.0 MPH)
Batting: RHB Ángel Alomar 0-0: Called Strike
0-1: Ball
1-1: Foul Ball, location: 2F
1-2: Ball
2-2: Ground out 5-3 (Groundball, 5, EV 90.6 MPH)
Bottom of the 6th over - 0 runs, 0 hits, 0 errors, 0 left on base; Ogallala 0 - Ballard 2
TOP OF THE 7TH
Ogallala Octopi batting - Pitching for Ballard Beavers : RHP Ricardo Méndez
Batting: SHB Carlos Blanca 0-0: Foul Ball, location: 2F
0-1: Ball
1-1: Ground out 4-3 (Groundball, 4, EV 80.0 MPH)
Batting: RHB Sun-jae Song 0-0: Ball
1-0: SINGLE (Line Drive, 7LS, EV 95.0 MPH)
Batting: LHB Wen Mi 0-0: Ball
1-0: Ball
2-0: Called Strike
2-1: Called Strike
2-2: Strikes out swinging
Pitching: RHP Flavio Lapo
Batting: RHB José Cabañas 0-0: SINGLE (Line Drive, 56D, EV 97.5 MPH)
Sun-jae Song to second
Batting: SHB Gabriel Ruíz 0-0: Foul Ball, location: 2F
0-1: DOUBLE (Groundball, 3L, EV 105.0 MPH)
Sun-jae Song scores
José Cabañas to third
Runner from 3rd tries for Home, SAFE, throw by RF to trailing runner, SAFE at third!
Batting: RHB Sumitomo Shimizu 0-0: Ball
1-0: Foul Ball, location: 2F
1-1: Ball
2-1: Ball
3-1: Base on Balls
Batting: LHB Antoine Mercier 0-0: Swinging Strike
0-1: Ball
1-1: Ball
2-1: Foul Ball, location: 2F
2-2: Foul Ball, location: 2F
2-2: Ball
3-2: Single, Error in OF, E9, batter to second base (Groundball, 34, EV 94.4 MPH)
Gabriel Ruíz scores
Sumitomo Shimizu to third
Batting: RHB Rob Ott 0-0: Ball
1-0: Fly out, F9 (Flyball, 89M, EV 81.2 MPH)
Top of the 7th over - 3 runs, 4 hits, 1 error, 2 left on base; Ogallala 3 - Ballard 2
BOTTOM OF THE 7TH
Ballard Beavers batting - Pitching for Ogallala Octopi : RHP Chiah-jen Fu
Batting: RHB Scott Donovan 0-0: Fly out, F8 (Flyball, 8LD, EV 96.9 MPH)
Batting: RHB Albert Devigorerrazuriz 0-0: Called Strike
0-1: Called Strike
0-2: Ball
1-2: Ball
2-2: Strikes out looking
Batting: RHB François Khalifa 0-0: Ball
1-0: Called Strike
1-1: Foul Ball, location: 2F
1-2: Foul Ball, location: 2F
1-2: Fly out, F9 (Flyball, 89M, EV 85.0 MPH)
Bottom of the 7th over - 0 runs, 0 hits, 0 errors, 0 left on base; Ogallala 3 - Ballard 2
TOP OF THE 8TH
Ogallala Octopi batting - Pitching for Ballard Beavers : RHP Flavio Lapo
Batting: RHB Miguel Flores 0-0: Ball
1-0: Foul Ball, location: 2F
1-1: Foul Ball, location: 2F
1-2: Strikes out looking
Batting: SHB Carlos Blanca 0-0: Ball
1-0: Foul Ball, location: 2F
1-1: Ground out 6-3 (Groundball, 6, EV 90.6 MPH)
Batting: RHB Sun-jae Song 0-0: Called Strike
0-1: Fly out, F4 (Popup, 34S, EV 73.8 MPH)
Top of the 8th over - 0 runs, 0 hits, 0 errors, 0 left on base; Ogallala 3 - Ballard 2
BOTTOM OF THE 8TH
Ballard Beavers batting - Pitching for Ogallala Octopi : RHP Chiah-jen Fu
Batting: LHB Guan-cai Khoo 0-0: Called Strike
0-1: Foul Ball, location: 2F
0-2: Ball
1-2: Strikes out swinging
Batting: RHB Jeremy Gaines 0-0: SINGLE (Flyball, 4MD, EV 81.9 MPH)
Pitching: LHP Michael Kilshaw
Pinch Hitting: RHB Yin-reng Loong 0-0: Ball
1-0: Fielders Choice at 2nd, 4-6 (Groundball, 4, EV 100.6 MPH)
Batting: RHB Shawn Maldonado 0-0: Called Strike
0-1: Ball
1-1: Swinging Strike
1-2: Strikes out swinging
Bottom of the 8th over - 0 runs, 1 hit, 0 errors, 1 left on base; Ogallala 3 - Ballard 2
TOP OF THE 9TH
Ogallala Octopi batting - Pitching for Ballard Beavers : RHP Flavio Lapo
Now in RF: Jelmar Levasier
Batting: LHB Wen Mi 0-0: Foul Ball, location: 2F
0-1: Ball
1-1: Fly out, F8 (Flyball, 8LM, EV 89.4 MPH)
Batting: RHB José Cabañas 0-0: Called Strike
0-1: Ball
1-1: Foul Ball, location: 2F
1-2: Strikes out swinging
Batting: SHB Gabriel Ruíz 0-0: Called Strike
0-1: Foul Ball, location: 2F
0-2: Ball
1-2: Foul Ball, location: 2F
1-2: Ground out U3 (Groundball, 3L, EV 96.9 MPH)
Top of the 9th over - 0 runs, 0 hits, 0 errors, 0 left on base; Ogallala 3 - Ballard 2
BOTTOM OF THE 9TH
Ballard Beavers batting - Pitching for Ogallala Octopi : LHP Michael Kilshaw
Now at 1B: Juan Guzmán
Now at 2B: José Cabañas
Now at 3B: Antoine Mercier
Now in CF: Rob Ott
Now in RF: Christoffer Oqvist
Batting: RHB Gregory Johnson 0-0: Fly out, F8 (Line Drive, 8LM, EV 95.6 MPH)
Batting: RHB Ángel Alomar 0-0: SINGLE (Flyball, 9LS, EV 86.9 MPH)
Batting: RHB Scott Donovan 0-0: Swinging Strike
0-1: Ball
1-1: Ball
2-1: Swinging Strike
2-2: Ball
3-2: Strikes out looking
Batting: RHB Albert Devigorerrazuriz 0-0: Called Strike
0-1: Swinging Strike
0-2: Ball
1-2: Foul Ball, location: 2F
1-2: Ball
2-2: Strikes out swinging
Bottom of the 9th over - 0 runs, 1 hit, 0 errors, 1 left on base; Ogallala 3 - Ballard 2
Wednesday, July 27th , 2022 - OOTP Baseball 22.12 Build 89